 Dungeon Crawl Stone Soup version 0.30-a0-354-g6b83867211 (webtiles) character file.

Game seed: 9215744071272069822

555 ytrimaz the Chopper (level 7, -1/52 HPs)
             Began as a Formicid Fighter on Nov 7, 2022.
             Succumbed to Duvessa's poison
             ... on level 4 of the Dungeon.
             The game lasted 00:03:01 (2417 turns).

ytrimaz the Chopper (Formicid Fighter)              Turns: 2417, Time: 00:03:01

Health: -1/52      AC:  9    Str: 26    XL:     7   Next: 56%
Magic:  7/7        EV:  9    Int:  7    God:
Gold:   257        SH:  5    Dex: 12    Spells: 6/6 levels left

rFire   . . .      SeeInvis +    a - +0 war axe (spect)
rCold   . . .      Faith    .    c - +0 buckler
rNeg    . . .      Spirit   .    b - +0 scale mail
rPois   .          Reflect  .    (helmet unavailable)
rElec   .          Harm     .    (no cloak)
rCorr   .          Rampage  .    g - +0 pair of gloves
Will    .....                    f - +0 pair of boots
Stlth   ..........               (no amulet)
HPRegen 0.28/turn                (no ring)
MPRegen 0.10/turn                (no ring)

@: brilliant, lethally poisoned (-1 -> -5)
A: permanent stasis, dig shafts and tunnels, antennae 3, four strong arms,
strong 1, wild magic 1
a: Dig, Shaft Self


You were on level 4 of the Dungeon.
You visited 1 branch of the dungeon, and saw 4 of its levels.

You collected 257 gold pieces.


Innate Abilities, Weirdness & Mutations

You cannot be hasted, slowed, berserked, paralysed or teleported.
You can dig through walls and to a lower floor.
You have a pair of large antennae on your head. (SInv)
Your four strong arms can wield two-handed weapons with a shield.
Your muscles are strong. (Str +4, Int/Dex -1)
Your spells are a little harder to cast, but a little more powerful.


   Skills:
 - Level 3.2 Fighting
 + Level 7.8 Axes
 - Level 3.2 Armour
 - Level 4.0 Shields


You had 6 spell levels left.
You didn't know any spells.
Your spell library contained the following spells:

 Spells                   Type           Power      Damage    Failure   Level
 Tukima's Dance           Hex            0%         N/A       99%         3
 Passage of Golubria      Tloc           0%         N/A       100%        4
 Yara's Violent Unravell  Hex/Tmut       0%         3d3       100%        5

Inventory:

Hand Weapons
 a - a +0 spectral war axe (weapon)
Missiles
 h - 2 boomerangs
Armour
 b - a +0 scale mail (worn)
 c - a +0 buckler (worn)
 f - a +0 pair of boots (worn)
   (You found it on level 2 of the Dungeon)
 g - a +0 pair of gloves (worn)
   (You found it on level 2 of the Dungeon)
Scrolls
 j - 3 scrolls of enchant armour
 m - a scroll of silence
 p - a scroll of brand weapon
Potions
 d - a potion of might
 e - 2 potions of invisibility
 i - a potion of brilliance
 o - a potion of flight

Dungeon Overview and Level Annotations

Branches:
Dungeon (4/15) Zot: 21543
 Temple: D:4-7

Altars:
Wu Jian

############
............#
........(...# ##
............### .#
........ยง.....#
.#..............@)....#
.#...[................#
.#....................#
.#..............##....#
.#..............# #####
.#..............#
.#..............#
.#..............#
...>...........>#


There were no monsters in sight!


Message History

Unknown command.
Key pressed, stopping explore.
No target in view!
Key pressed, stopping explore.
Unknown command.
Found a stone staircase leading down.
No target in view!
There is a stone staircase leading down here.
You sense a monster nearby.
No target in view!
Duvessa and Dowan come into view.
Duvessa is wielding a +0 short sword of venom.
Duvessa shouts!
Dowan shouts!
Dowan moves out of view.
Dowan points at you and mumbles some strange words.
You are outlined in light.
Duvessa hits you but does no damage.
Dowan points at you and mumbles some strange words.
The puff of flame misses you.
Unknown command.
You slash Duvessa! You completely miss Dowan.
Your +0 spectral war axe barely misses Dowan.
Your +0 spectral war axe hits Duvessa.
Duvessa hits you with a +0 short sword of venom!
You are poisoned.
Dowan gestures wildly while chanting.
Dowan blinks! ๐Ÿ˜• HP[-7]
You take 7 damage, and now have 45/52 hp.
You closely miss Duvessa.
Your +0 spectral war axe hits Duvessa!
You feel very sick. Duvessa hits you but does no damage.
You are more poisoned.
Dowan points at you and mumbles some strange words.
You block the puff of flame. ๐Ÿ˜• HP[-4]
You take 4 damage, and now have 41/52 hp.
You hit Duvessa.
Your +0 spectral war axe hits Duvessa!
You feel very sick. Duvessa hits you but does no damage.
You are more poisoned.
Duvessa completely misses you. ๐Ÿ˜ฎ HP[-6]
You take 6 damage, and now have 35/52 hp.
You slash Duvessa!
You kill Duvessa!
Dowan screams, "No!
No!"
Dowan seems to find hidden reserves of power!
You feel very sick. ๐Ÿ˜ฎ HP[-5]
You take 5 damage, and now have 30/52 hp.
Unknown command.
Okay, then.
You feel very sick.
Dowan points at you and mumbles some strange words.
The shard of ice hits you!
* * * LOW HITPOINT WARNING * * *
Dowan says, "How can I live without her?"
Dowan casts a spell at you.
The shard of ice misses you. ๐Ÿ˜ฑ HP[-20]
You take 20 damage, and now have 10/52 hp.
MASSIVE DAMAGE!! (PAUSE) It was a potion of cancellation.
Your magical effects are unravelling.
You feel magically purged.
You are no longer glowing.
* * * LOW HITPOINT WARNING * * *
You feel very sick.
Dowan hits you but does no damage. ๐Ÿ˜ฑ HP[-3]
You take 3 damage, and now have 7/52 hp.
Unknown command.
You slash Dowan!
Your +0 spectral war axe closely misses Dowan.
* * * LOW HITPOINT WARNING * * *
You feel very sick.
Dowan says, "Magic will overcome all!"
You block Dowan's attack. x2 ๐Ÿ˜ฑ HP[-3]
You take 3 damage, and now have 4/52 hp.
Unknown command.
You hit Dowan.
Your +0 spectral war axe barely misses Dowan.
* * * LOW HITPOINT WARNING * * *
You feel very sick.
Dowan says, "How can I live without her?"
Dowan closely misses you.
Dowan hits you but does no damage. ๐Ÿ˜ฑ HP[-2]
You take 2 damage, and now have 2/52 hp.
Unknown command.
You barely miss Dowan.
Your +0 spectral war axe hits Dowan!!
You kill Dowan!
* * * LOW HITPOINT WARNING * * *
You feel sick. ๐Ÿ˜ฑ HP[-1]
You take 1 damage, and now have 1/52 hp.
Unknown command.
You feel clever all of a sudden.
You die...

Skill      XL: |  1  2  3  4  5  6  7 |
---------------+----------------------+-----
Axes           | 3 4 6 7 |  7.8
Fighting       | |  3.2
Armour         | |  3.2
Shields        | |  4.0

Action                   |  1- 3 |  4- 6 |  7- 9 || total
-------------------------+-------+-------+-------++-------
Melee: War axe           |    56 |    64 |    19 ||   139
  Use: Scroll            |     6 |     5 |     3 ||    14
       Potion            |       |     2 |     2 ||     4
Armor: Scale mail        |    39 |    25 |    12 ||    76
Dodge: Dodged            |    53 |    22 |     7 ||    82
Block: Buckler           |    19 |     7 |     4 ||    30

Levels and vault maps discovered:
D:1:      lightli_arrival_maybe_door_vault, layout_rooms,
          minmay_misc_feat_encased, nicolae_kite_square_tiling_tiny,
          minmay_hexomino_c4
D:2:      layout_basic, kennysheep_small_spiral, uniq_sigmund
D:3:      layout_loops_ring, mainiacjoe_overflow_alcove_4
D:4:      layout_basic, uniq_duvessa

Notes
Turn   | Place    | Note
-------+----------+-------------------------------------------
     0 | D:1      | ytrimaz the Formicid Fighter began the quest for the Orb.
     0 | D:1      | Reached XP level 1. HP: 18/18 MP: 1/1
     0 | D:1      | magus.rc [v1.9.6]
   110 | D:1      | Reached XP level 2. HP: 23/24 MP: 2/2
   152 | D:1      | Reached skill level 3 in Axes
   206 | D:1      | You add the spells Tukima's Dance, Passage of Golubria and
                  | Yara's Violent Unravelling to your library.
   357 | D:1      | Reached XP level 3. HP: 29/29 MP: 3/3
   745 | D:2      | Reached skill level 4 in Axes
   745 | D:2      | Reached XP level 4. HP: 35/35 MP: 4/4
   912 | D:2      | Gained mutation: Your flesh is heat resistant. (rF+)
                  | [potion of mutation]
   912 | D:2      | Gained mutation: Armour fits poorly on your strangely
                  | shaped body. [potion of mutation]
   912 | D:2      | Gained mutation: You passively dampen the noise of your
                  | surroundings. [potion of mutation]
   913 | D:2      | Lost mutation: Armour fits poorly on your strangely shaped
                  | body. [potion of mutation]
   913 | D:2      | Lost mutation: Your flesh is heat resistant. (rF+) [potion
                  | of mutation]
   913 | D:2      | Lost mutation: You passively dampen the noise of your
                  | surroundings. [potion of mutation]
   913 | D:2      | Gained mutation: Your muscles are strong. (Str +4, Int/Dex
                  | -1) [potion of mutation]
   913 | D:2      | Gained mutation: Your spells are a little harder to cast,
                  | but a little more powerful. [potion of mutation]
   953 | D:2      | Noticed Sigmund
   958 | D:2      | Killed Sigmund
   959 | D:2      | Reached skill level 6 in Axes
   959 | D:2      | Reached XP level 5. HP: 27/41 MP: 5/5
   959 | D:2      | Reached XP level 6. HP: 31/47 MP: 6/6
  2071 | D:3      | Reached XP level 7. HP: 52/52 MP: 7/7
  2081 | D:3      | Found an ornate altar of the Wu Jian Council.
  2185 | D:4      | Reached skill level 7 in Axes
  2404 | D:4      | Noticed Duvessa
  2404 | D:4      | Noticed Dowan
  2411 | D:4      | Killed Duvessa
  2412 | D:4      | HP: 10/52 [Dowan/shard of ice (16)]
  2414 | D:4      | HP: 4/52 [poisoned by Duvessa]
  2416 | D:4      | Killed Dowan
  2416 | D:4      | HP: 1/52 [poisoned by Duvessa]
  2417 | D:4      | Succumbed to Duvessa's poison

Vanquished Creatures
  Sigmund (D:2)
  Duvessa (D:4)
  Dowan (D:4)
  An iguana (D:4)
  An orc priest (D:3)
  2 orc wizards (D:3)
  A gnoll (D:1)
  5 adders
  An ufetubus (D:4)
  2 worms
  4 dart slugs
  3 orcs
  9 ball pythons
  8 endoplasms
  3 goblins
  7 hobgoblins
  4 jackals (D:3)
  3 quokkas
  7 bats
  3 frilled lizards
  8 kobolds
  4 rats (D:1)
79 creatures vanquished.

Table legend:
 A = Non-vault XP
 B = Vault XP
 C = Vault XP percentage of total XP
 D = Non-vault monster count
 E = Vault monster count
 F = Vault count percentage of total count
                 A         B        C        D         E       F
            +---------+---------+-------+---------+---------+-------
      Total |     358 |     436 |  54.9 |      71 |       8 |  10.1
            +---------+---------+-------+---------+---------+-------
        D:1 |      46 |       8 |  14.8 |      20 |       5 |  20.0
        D:2 |      63 |     214 |  77.3 |      18 |       1 |   5.3
        D:3 |     193 |       0 |   0.0 |      27 |       0 |   0.0
        D:4 |      56 |     214 |  79.3 |       6 |       2 |  25.0
            +---------+---------+-------+---------+---------+-------

Illustrated notes

Table legend:
 A = Kills in this place as a percentage of kills in entire the game.
 B = Kills by you in this place as a percentage of kills by you in the entire game.
 C = Kills by friends in this place as a percentage of kills by friends in the entire game.
 D = Other kills in this place as a percentage of other kills in the entire game.
 E = Experience gained in this place as a percentage of experience gained in the entire game.
 F = Experience gained in this place divided by the number of levels of this place that you have seen.
                   A       B       C       D       E      F
               +-------+-------+-------+-------+-------+----------------------
         Total | 100.0 | 100.0 |   N/A |   N/A | 100.0 | 198.5
       Dungeon | 100.0 | 100.0 |   N/A |   N/A | 100.0 | 198.5
               +-------+-------+-------+-------+-------+----------------------

Table legend: (Time is in decaauts)
 A = Elapsed time spent in this place.
 B = Non-inter-level travel time spent in this place.
 C = Inter-level travel time spent in this place.
 D = Time resting spent in this place.
 E = Time spent auto-exploring this place.
 F = Levels seen in this place.
 G = Mean time per level.
                   A        B        C        D        E       F      G
               +--------+--------+--------+--------+--------+-----+--------+
         Total |   2457 |   2334 |    123 |     55 |   1727 |   4 |  614.2 |
       Dungeon |   2457 |   2334 |    123 |     55 |   1727 |   4 |  614.2 |
               +--------+--------+--------+--------+--------+-----+--------+

Top non-repeatable levels by time:
     D:2: 810 daAuts
     D:3: 704 daAuts
     D:1: 703 daAuts
     D:4: 239 daAuts
